 Dungeon Crawl Stone Soup version 0.27-a0-78-g75406f0b48 (webtiles) character file.

Game seed: 7587376557343021294

710 dickylongcocking the Jinx (level 7, -5/27 HPs)
             Began as a Felid Enchanter on Jan 14, 2021.
             Was an Initiate of Dithmenos.
             Shot with an arrow by a centaur (12 damage)
             ... on level 7 of the Dungeon.
             The game lasted 00:08:42 (8601 turns).

dickylongcocking the Jinx (Felid Enchanter)         Turns: 8601, Time: 00:08:42

Health: -5/27      AC:  2    Str:  4    XL:     7   Next: 40%
Magic:  19/21      EV: 22    Int: 19    God:    Dithmenos [......]
Gold:   393        SH:  0    Dex: 16    Spells: 4/12 levels left
                                        Lives:  0   Deaths: 2

rFire    . . .     SeeInvis +     - Unarmed
rCold    . . .     Faith    .   (shield unavailable)
rNeg     . . .     Spirit   .   (armour unavailable)
rPois    .         Reflect  .   (helmet unavailable)
rElec    .         Harm     .   (cloak unavailable)
rCorr    .         Rampage  .   (gloves unavailable)
Will     +....                  (boots unavailable)
Stlth    +++.......             (no amulet)
HPRegen  0.09/turn              f - ring of magical power
MPRegen  0.17/turn              g - +4 ring of evasion

@: quick
A: very small, no armour, no weapons or thrown items, stealth, claws 1, fangs 3,
see invisible, speed 1, shaggy fur 2, sharp paws
a: Renounce Religion


You were on level 7 of the Dungeon.
You worshipped Dithmenos.
Dithmenos was noncommittal.
You visited 2 branches of the dungeon, and saw 8 of its levels.

You collected 393 gold pieces.

Inventory:

Jewellery
 f - a ring of magical power (left paw)
 g - a +4 ring of evasion (right paw)
Wands
 c - a wand of disintegration (8)
 n - a wand of paralysis (4)
Scrolls
 a - a scroll of fog {unknown}
 b - 2 scrolls of teleportation {unknown}
 d - 2 scrolls of magic mapping {unknown}
 h - 2 scrolls of enchant armour {unknown}
 i - 13 scrolls of identify {unknown}
 j - 4 scrolls of remove curse {unknown}
 k - a scroll of noise {unknown}
 l - a scroll of fear {unknown}
 m - 2 scrolls of immolation {unknown}
 o - a scroll of amnesia {unknown}
 p - a scroll of random uselessness {unknown}
 r - a scroll of blinking {unknown}
Potions
 e - 2 potions of haste
 q - a potion of attraction
 s - a potion of might


   Skills:
 - Level 2.6 Dodging
 - Level 4.0 Stealth
 * Level 5.5 Unarmed Combat
 * Level 3.2 Spellcasting
 * Level 9.0 Hexes
 * Level 4.7 Ice Magic


You had 4 spell levels left.
You knew the following spells:

 Your Spells              Type           Power        Failure   Level
a - Corona                Hex            41%          1%          1
b - Ensorcelled Hibernat  Hex/Ice        58%          1%          2
c - Confusing Touch       Hex            37%          1%          3
d - Apportation           Tloc           6%           16%         1
e - Beastly Appendage     Tmut           6%           16%         1

Your spell library contained the following spells:

 Spells                   Type           Power        Failure   Level
 Tukima's Dance           Hex            37%          1%          3
 Dazzling Flash           Conj/Hex       40%          7%          3
 Summon Guardian Golem    Hex/Summ       20%          7%          3
 Animate Skeleton         Necr           6%           16%         1
 Summon Small Mammal      Summ           12%          16%         1
 Call Imp                 Summ           3%           22%         2
 Call Canine Familiar     Summ           3%           41%         3
 Summon Ice Beast         Ice/Summ       12%          50%         4
 Summon Lightning Spire   Summ/Air       3%           83%         4
 Alistair's Intoxication  Tmut/Pois      2%           99%         5


Dungeon Overview and Level Annotations

Branches:
Dungeon (7/15)             Temple (1/1) D:7

Altars:
Cheibriados
Dithmenos
Elyvilon
Gozag
Hepliaklqana
Makhleb
Okawaru
Qazlal
Ru
Uskayaw
Vehumet
Xom
Zin
The Shining One

Shops:
D:5 }   D:6 [

Annotations:
D:7 Pikel


Innate Abilities, Weirdness & Mutations

You cannot wear armour.
You are incapable of wielding weapons or throwing items.
Your paws allow you to move quietly. (Stealth)
You have sharp claws.
You have razor-sharp teeth.
You have supernaturally acute eyesight. (SInv)
You cover ground quickly.
You are covered in thick fur. (AC +2)
Your sharp claws are effective at attacking unaware monsters.


Message History

Casting: Ensorcelled Hibernation (safe; 1% risk of failure)
Confirm with . or Enter, or press ? or * to list all spells.
Okay, then.
A lemure comes into view.
The centaur unwields a +0 shortbow.
The centaur misses you.
Pikel shouts!
There is a staircase to the Ecumenical Temple here.
You see here an arrow.
Unknown command.
You miss Pikel. The centaur hits you!
Pikel hits you with a +1 whip of freezing.
* * * LOW HITPOINT WARNING * * *
Pikel freezes you.
* * * LOW HITPOINT WARNING * * *
The centaur wields a +0 shortbow.
The centaur shoots an arrow.
The arrow closely misses you. Pikel misses you.
Unknown command.
Unknown command.
The centaur shoots an arrow.
The arrow hits you!
You die...

....#.##......#
.##.......##..# .
.#....##..#.....#
.. ..
#..5..#.##... #.
#.#.##5....ZZ##.
#..#...c..##.#..#
#....##K>....#....
#..W...##....#
#....#.##@...##..
#.## #....##.....
......#.....#.?
##.##.#..##.# ...
....... ##
########[


You could see Pikel, a phantom, 2 lemures and a centaur.

Vanquished Creatures
  Grinder (D:5)
  Sigmund (D:4)
  A phantom (D:6)
  An ogre (D:5)
  A centaur (D:5)
  A bullfrog (D:6)
  A jelly (D:5)
  A hound (D:6)
  A centaur skeleton (D:4)
  An iguana (D:6)
  Ijyb (D:4)
  6 orc wizards
  3 worker ants
  A hound skeleton (D:4)
  6 adders
  2 shadow imps
  A white imp (D:5)
  2 oozes
  2 adder skeletons (D:5)
  2 worms
  A dart slug (D:6)
  3 leopard geckos
  12 orcs
  3 ball pythons
  5 giant cockroaches
  6 goblins
  7 hobgoblins
  11 jackals
  5 kobolds
  3 quokkas
  11 bats
  2 frilled lizards
  A leopard gecko skeleton (D:6)
  7 rats
113 creatures vanquished.

Vanquished Creatures (others)
  3 plants (D:4)
3 creatures vanquished.

Grand Total: 116 creatures vanquished

Notes
Turn   | Place    | Note
-------+----------+-------------------------------------------
     0 | D:1      | dickylongcocking the Felid Enchanter began the quest for
                  | the Orb.
     0 | D:1      | Reached XP level 1. HP: 7/7 MP: 4/4
   348 | D:1      | Reached XP level 2. HP: 1/11 MP: 6/6
   351 | D:1      | Learned a level 2 spell: Ensorcelled Hibernation
  1811 | D:2      | Reached skill level 5 in Hexes
  1961 | D:2      | Reached XP level 3. HP: 7/14 MP: 7/7
  2299 | D:2      | Reached skill level 1 in Ice Magic
  2466 | D:2      | Found a sacrificial altar of Ru.
  2482 | D:2      | Reached XP level 4. HP: 15/18 MP: 8/8
  2617 | D:2      | Found a faded altar of an unknown god.
  2682 | D:2      | Learned a level 3 spell: Confusing Touch
  3980 | D:4      | Noticed Ijyb
  3985 | D:4      | Killed Ijyb
  3986 | D:4      | Reached skill level 6 in Hexes
  3986 | D:4      | Reached XP level 5. HP: 11/21 MP: 9/9
  4250 | D:4      | Noticed Sigmund
  4513 | D:4      | Killed Sigmund
  4514 | D:4      | Gained mutation: You are covered in thick fur. (AC +2)
                  | [Felid growth]
  4514 | D:4      | Reached XP level 6. HP: 10/24 MP: 10/10
  4922 | D:4      | Reached skill level 7 in Hexes
  4964 | D:4      | HP: 1/24 [orc wizard/magic dart (5)]
  5869 | D:5      | Entered Level 5 of the Dungeon
  5890 | D:5      | Found a shimmering altar of Xom.
  5997 | D:5      | Reached XP level 7. HP: 27/27 MP: 11/11
  6192 | D:5      | Identified the Handbook of Unstable Ice
  6403 | D:5      | Learned a level 1 spell: Apportation
  6429 | D:5      | Learned a level 1 spell: Beastly Appendage
  6651 | D:5      | Noticed Grinder
  6660 | D:5      | Paralysed by Grinder for 5 turns
  6678 | D:5      | Slain by Grinder
  6679 | D:5      | Reached XP level 6. HP: 0/24 MP: 12/19
  6717 | D:5      | Reached skill level 8 in Hexes
  6725 | D:5      | Killed from afar by a white imp
  6726 | D:5      | Reached XP level 5. HP: -1/21 MP: 12/18
  6739 | D:5      | Killed Grinder
  6740 | D:5      | Reached skill level 5 in Unarmed Combat
  6740 | D:5      | Reached XP level 6. HP: 24/24 MP: 11/11
  6923 | D:5      | Found Hebiug's Gadget Emporium.
  7629 | D:6      | Found Zeluycao's Armour Boutique.
  7672 | D:6      | Reached XP level 7. HP: 20/27 MP: 12/12
  7818 | D:6      | Found a snail-covered altar of Cheibriados.
  8098 | D:6      | Found a glowing golden altar of the Shining One.
  8177 | D:6      | Reached skill level 9 in Hexes
  8312 | D:7      | Noticed Pikel
  8316 | D:7      | Found a staircase to the Ecumenical Temple.
  8325 | Temple   | Entered the Ecumenical Temple
  8547 | Temple   | Became a worshipper of Dithmenos the Shadowed
  8601 | D:7      | Shot with an arrow by a centaur

Illustrated notes

Levels and vault maps discovered:
D:1:      roderic_chinese_lattice_arrival, layout_basic, nrook_campfire,
          chequers_mini_garden
D:2:      layout_basic, nicolae_ru_great_annihilating_truth,
          chequers_ecumenical_altar_simple, hangedman_feature_mirror
D:3:      layout_basic
D:4:      layout_basic, serial_bayou_ford_a, uniq_sigmund, uniq_ijyb
D:5:      minmay_general_purpose_star, layout_basic, basic_altar, serial_shops,
          shop, minmay_puff, uniq_grinder
D:6:      layout_rooms, lemuel_round_altar, serial_shops, nicolae_shop_crystal,
          kennysheep_slug_shrine
D:7:      layout_loops_cross, kiku_gazebo_pond_becter,
          minmay_temple_entry_ruins, nicolae_ossuary_entry_monument, uniq_pikel
Temple:   minmay_temple_curvy_loop

Skill      XL: |  1  2  3  4  5  6  7 |
---------------+----------------------+-----
Unarmed Combat | 2 3 5 4 |  5.5
Hexes          | 5 6 8 9 |  9.0
Ice Magic      | 1 2 4 |  4.7
Spellcasting   | 3 |  3.2
Dodging        | |  2.6
Stealth        | |  4.0

Action                   |  1- 3 |  4- 6 |  7- 9 || total
-------------------------+-------+-------+-------++-------
Melee: Unarmed           |    63 |   180 |    42 ||   285
       Bite              |     2 |    15 |     1 ||    18
       Punch             |       |       |     2 ||     2
 Cast: Corona            |     7 |       |       ||     7
       Ensorcelled Hiber |    30 |    54 |    15 ||    99
       Confusing Touch   |       |    10 |     6 ||    16
Evoke: Wand              |       |       |     5 ||     5
  Use: Potion            |       |     8 |     3 ||    11
 Stab: Sleeping          |    24 |    47 |    12 ||    83
       Paralysed         |     1 |       |       ||     1
       Confused          |       |    12 |     4 ||    16
Armor: Skin              |     4 |     9 |     1 ||    14
Dodge: Dodged            |    66 |   188 |    37 ||   291

Table legend: (Time is in decaauts)
 A = Elapsed time spent in this place.
 B = Non-inter-level travel time spent in this place.
 C = Inter-level travel time spent in this place.
 D = Time resting spent in this place.
 E = Time spent auto-exploring this place.
 F = Levels seen in this place.
 G = Mean time per level.
                   A        B        C        D        E       F      G
               +--------+--------+--------+--------+--------+-----+--------+
         Total |   7803 |   7603 |    200 |   2086 |   4454 |   8 |  975.4 |
       Dungeon |   7585 |   7431 |    154 |   2086 |   4298 |   7 | 1083.6 |
        Temple |    217 |    171 |     46 |      0 |    156 |   1 |  217.0 |
               +--------+--------+--------+--------+--------+-----+--------+

Top non-repeatable levels by time:
     D:5: 1571 daAuts
     D:4: 1516 daAuts
     D:1: 1448 daAuts
     D:2: 1324 daAuts
     D:3: 1088 daAuts
     D:6: 610 daAuts
  Temple: 217 daAuts
     D:7: 25 daAuts
